 Dungeon Crawl Stone Soup version 0.29.1-15-g9cfb28693d (webtiles) character file.

Game seed: 77719754474879928

6 hawla the Firebug (level 2, 0/20 HPs)
             Began as a Meteoran Fire Elementalist on Mar 8, 2023.
             Killed by nerve-wracking pain
             ... invoked by Grinder
              (7 damage)
             ... on level 3 of the Dungeon.
             The game lasted 00:00:58 (186 turns).

hawla the Firebug (Meteoran Fire Elementalist)       Turns: 186, Time: 00:00:59

Health: 0/20       AC:  2    Str:  9    XL:     2   Next: 11%
Magic:  6/6        EV: 12    Int: 16    God:
Gold:   33         SH:  0    Dex: 14    Spells: 3/6 levels left

rFire   . . .      SeeInvis .   f - +1 quarterstaff
rCold   . . .      Faith    .   (shield currently unavailable)
rNeg    . . .      Spirit   .   a - +0 robe
rPois   .          Reflect  .   (no helmet)
rElec   .          Harm     .   (no cloak)
rCorr   .          Rampage  .   (no gloves)
Will    .....                   (no boots)
Stlth   +.........              (no amulet)
HPRegen 0.06/turn               (no ring)
MPRegen 0.10/turn               (no ring)

@: glowing
A: sense surroundings 1, otherworldly, glowing, explore regen
a: no special abilities


You were on level 3 of the Dungeon.
You visited 1 branch of the dungeon, and saw 3 of its levels.

You collected 33 gold pieces.

Inventory:

Hand Weapons
 f - a +1 quarterstaff (weapon)
Armour
 a - a +0 robe (worn)
Potions
 b - a potion of magic
 g - a potion of resistance {unknown}


   Skills:
 + Level 2.4 Dodging
 - Level 1.4 Stealth
 + Level 2.8 Spellcasting
 + Level 1.2 Conjurations
 + Level 4.1 Fire Magic


You had 3 spell levels left.
You knew the following spells:

 Your Spells              Type           Power      Damage    Failure   Level
a - Foxfire               Conj/Fire      40%        2x1d6     6%          1
b - Scorch                Fire           30%        2d7       5%          2

Your spell library contained the following spells:

 Spells                   Type           Power      Damage    Failure   Level
 Conjure Flame            Conj/Fire      10%        6-21      19%         3
 Inner Flame              Hex/Fire       8%         N/A       24%         3
 Flame Wave               Conj/Fire      10%        2d6       54%         4


Dungeon Overview and Level Annotations

Branches:
Dungeon (3/15) Zot: 1613

Altars:

Annotations:
D:3 Grinder, Natasha


Innate Abilities, Weirdness & Mutations

You passively map a small area around you.
You are easily found by Zot.
You glow in the dark.
You regain HP and MP as you explore.


Message History

You see here a +0 club.
Found a stone staircase leading down.
You now have 25 gold pieces (gained 12).
There is a stone staircase leading down here.
You climb downwards.
Found 6 stones.
There is a stone staircase leading up here.
As you read the scroll labelled OSOALA LOELLIY, it crumbles to dust.
The air around you briefly surges with heat, but it dissipates.
It was a scroll of immolation.
As you read the scroll labelled OKIOMEGEHEO, it crumbles to dust.
It is a scroll of enchant weapon.
Your +0 quarterstaff glows red for a moment.
As you read the scroll labelled WICLOSU KE YGRI, it crumbles to dust.
It is a scroll of identify.
e - a potion of degeneration Autopickup disabled for potions of degeneration.
You drop a potion of degeneration.
Okay, then.
Memorise Scorch, consuming 2 spell levels and leaving 3?
You start memorising the spell.
You continue memorising. x2
You finish memorising.
Spell assigned to 'b'.
Okay, then.
Found a stone staircase leading down.
You now have 33 gold pieces (gained 8).
There is a stone staircase leading down here.
You climb downwards.
Grinder shouts!
Found a brass ring.
There is a stone staircase leading up here.
Natasha stares at you and mumbles some strange words.
The magic dart hits you!
Ouch! That really hurt!
Grinder gestures at you. Pain shoots through your body!
Grinder gestures at you. You resist with significant effort.
Grinder gestures at you. Pain shoots through your body!
You die...

#.# * #.#
** , ,
,...,, ,
, , ,*
*#.#*, ,
#.#*, , *
#.# *
#h####.##
*
#@.......
##......=
, * ,
.######
*, *5# ,
, ,**.# *
, , ,* ..
* .. , ..
, *


You could see Grinder and Natasha.

Vanquished Creatures
  A giant cockroach (D:1)
  A kobold (D:1)
  A quokka (D:1)
  2 ball pythons (D:1)
  A frilled lizard (D:1)
6 creatures vanquished.

Vanquished Creatures (others)
  7 foxfires (D:1)
7 creatures vanquished.

Grand Total: 13 creatures vanquished

Notes
Turn   | Place    | Note
-------+----------+-------------------------------------------
     0 | D:1      | hawla the Meteoran Fire Elementalist began the quest for
                  | the Orb.
     0 | D:1      | Reached XP level 1. HP: 14/14 MP: 5/5
   130 | D:1      | Reached skill level 4 in Fire Magic
   130 | D:1      | Reached XP level 2. HP: 20/20 MP: 4/6
   167 | D:2      | Learned a level 2 spell: Scorch
   181 | D:3      | Noticed Grinder
   181 | D:3      | Noticed Natasha
   186 | D:3      | Killed from afar by Grinder

Illustrated notes

Levels and vault maps discovered:
D:1:      scummos_arrival_forest, layout_loops_ring
D:2:      kennysheep_big_flooded_room, layout_basic
D:3:      layout_loops_ring, shapermc_ecumenical_altar_mp_highgroup,
          uniq_grinder, uniq_natasha

Skill      XL: |  1 |
---------------+----+-----
Fire Magic     | 4 |  4.1
Dodging        | |  2.4
Stealth        | |  1.4
Spellcasting   | |  2.8
Conjurations   | |  1.2

Action                   || total
-------------------------++-------
Melee: Quarterstaff      ||     3
 Cast: Foxfire           ||     5
  Use: Scroll            ||     3
Dodge: Dodged            ||     1
